 Dungeon Crawl Stone Soup version 0.21.1-1-g345015f (webtiles) character file.

37 Flooderbenga the Grave Robber (level 3, 0/37 HPs)
             Began as a Gnoll Necromancer on Apr 10, 2018.
             Succumbed to a kobold's poison
             ... on level 3 of the Dungeon.
             The game lasted 00:07:38 (407 turns).

Flooderbenga the Grave Robber (Gnoll Necromancer)    Turns: 407, Time: 00:07:40

Health: 0/37       AC: 21    Str: 10    XL:     3   Next: 41%
Magic:  1/9        EV:  2    Int: 18    God:
Gold:   65         SH:  0    Dex: 15    Spells: 7/12 levels left

rFire    + . .     SeeInvis .   n - +0 dagger (curse)
rCold    + . .     Gourm    .   (no shield)
rNeg     + + +     Faith    +   (armour currently unavailable)
rPois    +         Spirit   .   (helmet currently unavailable)
rElec    +         Reflect  .   (cloak currently unavailable)
rCorr    +         Harm     .   (gloves currently unavailable)
MR       .....     NoTele   +   (boots currently unavailable)
Stlth    +++.......             f - amulet of faith
HPRegen  0.12/turn              (no ring)
MPRegen  0.11/turn              (no ring)

@: lethally poisoned (0 -> -10), tree-form, resistant
A: distributed training, strong nose
a: no special abilities


You were on level 3 of the Dungeon.
You were not hungry.
You were a tree.
You visited 1 branch of the dungeon, and saw 3 of its levels.

You collected 65 gold pieces.

Inventory:

Hand Weapons
 n - a cursed +0 dagger (weapon)
Missiles
 m - 12 stones (quivered)
Armour
 a - a +1 robe (melded)
Jewellery
 f - an amulet of faith (around neck)
Scrolls
 i - a scroll of blinking {@r4}
Potions
 j - a potion of resistance
Books
 b - a book of Necromancy

   Spells                             Type                      Level
   a - Pain                           Necromancy                   1
   b - Animate Skeleton               Necromancy                   1
   c - Vampiric Draining              Necromancy                   3
   d - Regeneration                   Charms/Necromancy            3
   e - Animate Dead                   Necromancy                   4
   f - Borgnjor's Vile Clutch         Necromancy/Earth             5
Comestibles
 c - a ration


   Skills:
 + Level 0.7 Fighting
 + Level 0.7 Short Blades
 + Level 0.7 Long Blades
 + Level 0.7 Axes
 + Level 0.7 Maces & Flails
 + Level 0.7 Polearms
 + Level 0.7 Staves
 + Level 0.7 Slings
 + Level 0.7 Bows
 + Level 0.7 Crossbows
 + Level 0.7 Throwing
 + Level 0.7 Armour
 + Level 4.5 Dodging
 + Level 4.1 Stealth
 + Level 0.7 Shields
 + Level 0.7 Unarmed Combat
 + Level 5.0 Spellcasting
 + Level 0.5 Conjurations
 + Level 0.5 Hexes
 + Level 0.5 Charms
 + Level 0.5 Summonings
 + Level 7.1 Necromancy
 + Level 0.5 Translocations
 + Level 0.5 Transmutations
 + Level 0.5 Fire Magic
 + Level 0.5 Ice Magic
 + Level 0.5 Air Magic
 + Level 0.5 Earth Magic
 + Level 0.5 Poison Magic
 + Level 0.9 Invocations
 + Level 0.7 Evocations


You had 7 spell levels left.
You knew the following spells:

 Your Spells              Type           Power        Failure   Level  Hunger
a - Pain                  Necr           ####         1%          1    None
r - Regeneration          Chrm/Necr      ###.......   9%          3    ##.....
z - Animate Skeleton      Necr           N/A          1%          1    None


Dungeon Overview and Level Annotations

Branches:
Dungeon (3/15)

Altars:
Elyvilon


Innate Abilities, Weirdness & Mutations

Your experience applies equally to all skills.
((You have very sharp teeth.))
Your uncanny sense of smell can sniff out nearby items.


Message History

The kobold unwields an uncursed blowgun.
The kobold wields an uncursed short sword.
The kobold hits you but does no damage.
You hit the kobold.
* * * LOW HITPOINT WARNING * * *
You feel sick. The ooze completely misses you.
You take 1 damage, and have 4/37 hp.
You hit the kobold.
* * * LOW HITPOINT WARNING * * *
You feel sick. The kobold hits you but does no damage.
The ooze hits you but does no damage.
You take 2 damage, and have 2/37 hp.
You hit the kobold but do no damage.
* * * LOW HITPOINT WARNING * * *
You feel sick. The kobold hits you but does no damage.
The ooze hits you but does no damage.
You take 1 damage, and have 1/37 hp.
You hit the kobold.
You kill the kobold!
You die...

......,,,,,,<,,,,* *,,*,*
******
....%.,,,........####,*,**
......,,,...........#,,,,*
......,,,...........#*,*,*
.....,,,,.....:.....,,,,,*
,,,,,,,,,..........,***,,*
,,,,,,,,,.........*****,,*
,,,,,,,,,...>..)J#,,,,*,,******
,*,************#♣#,**,*,,,,,,,*
,,,******* #.#,*,,**,>***,*
**,,,,,,,* #..,*,**,,,,**,*
,,,*****,* ##..*,**,*,,**,*
**,* *,**** *...,,,,*,,,*,*
,,,* *,,,,* *.###,*,*,*,*,*
**** ****,*****..,*,***,*,,,* *
*,,,**,..**,,,,,***** *
***,**,**********


You could see an ooze.

Vanquished Creatures
  2 oozes
  A worm (D:2)
  2 leopard geckos
  A ball python (D:2)
  A giant cockroach (D:3)
  A goblin (D:2)
  3 hobgoblins
  A jackal (D:3)
  3 kobolds
  3 bats
  4 frilled lizards
  3 rats (D:2)
25 creatures vanquished.

Notes
Turn   | Place    | Note
-------+----------+-------------------------------------------
     0 | D:1      | Flooderbenga the Gnoll Necromancer began the quest for the Orb.
     0 | D:1      | Reached XP level 1. HP: 13/13 MP: 6/6
   104 | D:1      | Learned a level 1 spell: Animate Skeleton
   112 | D:1      | Reached XP level 2. HP: 13/19 MP: 5/7
   212 | D:2      | Found a white marble altar of Elyvilon.
   319 | D:2      | Reached XP level 3. HP: 8/25 MP: 5/9
   324 | D:2      | Learned a level 3 spell: Regeneration
   347 | D:2      | Reached skill level 5 in Spellcasting
   406 | D:3      | HP: 1/37 [poisoned by a kobold]
   407 | D:3      | Succumbed to a kobold's poison

Skill      XL: |  1  2  3 |
---------------+----------+-----
Spellcasting   | 5 |  5.0
Fighting       | |  0.7
Short Blades   | |  0.7
Long Blades    | |  0.7
Axes           | |  0.7
Maces & Flails | |  0.7
Polearms       | |  0.7
Staves         | |  0.7
Slings         | |  0.7
Bows           | |  0.7
Crossbows      | |  0.7
Throwing       | |  0.7
Armour         | |  0.7
Dodging        | |  4.5
Stealth        | |  4.1
Shields        | |  0.7
Unarmed Combat | |  0.7
Conjurations   | |  0.5
Hexes          | |  0.5
Charms         | |  0.5
Summonings     | |  0.5
Necromancy     | |  7.1
Translocations | |  0.5
Transmutations | |  0.5
Fire Magic     | |  0.5
Ice Magic      | |  0.5
Air Magic      | |  0.5
Earth Magic    | |  0.5
Poison Magic   | |  0.5
Invocations    | |  0.9
Evocations     | |  0.7

Action                   || total
-------------------------++-------
Melee: Dagger            ||    13
 Cast: Pain              ||    34
       Animate Skeleton  ||     3
       Regeneration      ||     1
  Use: Scroll            ||     4
       Potion            ||     3
 Stab: Sleeping          ||     3
Armor: Skin              ||    22
       Robe              ||     5
Dodge: Dodged            ||     9
